 Dungeon Crawl Stone Soup version 0.31-a0-875-g02e7d12df6 (webtiles) character file.

Game seed: 6601421473254754378

273 lunkers the Ruffian (level 6, -3/39 HPs)
             Began as a Meteoran Shapeshifter on Oct 12, 2023.
             Was a Believer of Dithmenos.
             Slain by a bullfrog (5 damage)
             ... on level 4 of the Dungeon.
             The game lasted 00:04:31 (1257 turns).

lunkers the Ruffian (Meteoran Shapeshifter)         Turns: 1257, Time: 00:04:32

Health: -3/39      AC:  5    Str: 16    XL:     6   Next: 78%
Magic:  7/7        EV: 11    Int: 12    God:    Dithmenos [**....]
Gold:   113        SH:  0    Dex: 15    Spells: 5/5 levels left

rFire   . .          .
                       - Unarmed
rCold   . . .        (shield currently unavailable)
rNeg    . . .        f - +0 ring mail
rPois   .            (no helmet)
rElec   .            (no cloak)
rCorr   .            (no gloves)
SInv    .            (no boots)
Will    .....        (no amulet)
Stlth   +            (no ring)
HPRegen 0.26/turn    (no ring)
MPRegen 0.10/turn

%: no passive effects
@: brilliant, flux-form, glowing
A: glow, contaminating, reduced hp, sense surroundings 1, otherworldly, glowing,
explore regen
a: Begin Untransformation, Renounce Religion, Shadow Step


You were on level 4 of the Dungeon.
You worshipped Dithmenos.
Dithmenos was pleased with you.
You were something dangerously unstable.
You visited 1 branch of the dungeon, and saw 4 of its levels.

You collected 113 gold pieces.

Inventory:

Missiles
 o - a throwing net
Armour
 a - a +0 animal skin
 b - a +0 pair of gloves
 f - a +0 ring mail (worn)
 j - a +0 pair of gloves
 m - a +0 pair of gloves
Jewellery
 e - an amulet of reflection
Talismans
 c - a beast talisman
 d - a flux talisman (active)
Scrolls
 i - 3 scrolls of identify {unknown}
 l - a scroll of amnesia {unknown}
Potions
 h - a potion of attraction {unknown}
 k - a potion of resistance {unknown}
 n - a potion of magic {unknown}


   Skills:
 - Level 1.1 Fighting
 - Level 2.1 Dodging
 * Level 7.0 Unarmed Combat
 + Level 5.3 Shapeshifting


You had 5 spell levels left.
You didn't know any spells.
Your spell library was empty.

Dungeon Overview and Level Annotations

Branches:
Dungeon (4/15) Zot: 1152
 Temple: D:4-7

Altars:
Dithmenos

Annotations:
D:4 Grinder


Innate Abilities, Weirdness & Mutations

You are something dangerously unstable.
You glow with magical radiation, making you easy to see and hit.
Foes you strike become dangerously contaminated with magical radiation.
Your maximum health is decreased, since you lack skill for your form.
You are incapable of wielding weapons or throwing items.
You passively map a small area around you.
You are easily found by Zot.
You glow in the dark.
You regain HP and MP as you explore.


Message History

The hobgoblin hits you.
* * * LOW HITPOINT WARNING * * *
Robin hits you with a +0 club.
* * * LOW HITPOINT WARNING * * *
You hit Robin.
Robin shudders as magic cascades through them!
You kill Robin!
Dithmenos accepts your kill.
You can now step into the shadows of nearby creatures.
The goblin closely misses you. The hobgoblin barely misses you.
Your Unarmed Combat skill increases to level 7!
You closely miss the goblin. The goblin hits you but does no damage.
The hobgoblin barely misses you. The goblin hits you but does no damage.
You hit the goblin but do no damage.
The goblin begins to glow.
The hobgoblin misses you. The goblin completely misses you.
You hit the goblin.
You kill the goblin!
Dithmenos accepts your kill. The hobgoblin closely misses you.
You punch the goblin!
You kill the goblin!
Dithmenos accepts your kill. The bullfrog hits you.
* * * LOW HITPOINT WARNING * * *
Grinder shouts!
The bullfrog attacks as it pursues you! The bullfrog hits you.
* * * LOW HITPOINT WARNING * * *
The hobgoblin attacks as it pursues you!
The hobgoblin hits you.
* * * LOW HITPOINT WARNING * * *
The bullfrog closely misses you.
The hobgoblin attacks as it pursues you!
The hobgoblin hits you.
* * * LOW HITPOINT WARNING * * *
A dart slug comes into view.
The bullfrog hits you but does no damage.
It was a potion of brilliance.
You feel clever all of a sudden. The bullfrog hits you.
You die...

......###** * ...... *
........# .....* *
.....##.#########..# ,
,..............g))..####
,
.............g........#
...........5g###..##..#
* ,.#....)###g# #..# ,
,* #....)†<#F# #..#
*,#.....#†#p# #..# , * ,
, #.......#.# #..#
#..######.# #..# , ,,
,..... #.# #..# * *
..### * #w# #..# * , , ,
... , , ... ...# , .. ,
... * , ** * #.., ,


You could see Grinder, a bullfrog, a dart slug, 2 hobgoblins and a goblin
(strong).

Vanquished Creatures
  The ghost of math4jedi the Poker, an amateur MiFi (D:3)
  Jessica (D:3)
  A sleepcap (D:4)
  Robin (D:4)
  6 adders
  An ufetubus (D:4)
  2 worms
  A dart slug (D:3)
  2 ball pythons (D:1)
  7 endoplasms
  6 giant cockroaches
  10 goblins
  7 hobgoblins
  2 kobolds (D:1)
  A quokka (D:1)
  3 bats
  3 frilled lizards
  2 rats (D:2)
57 creatures vanquished.

Notes
Turn   | Place    | Note
-------+----------+-------------------------------------------
     0 | D:1      | lunkers the Meteoran Shapeshifter began the quest for the
                  | Orb.
     0 | D:1      | Reached XP level 1. HP: 16/16 MP: 2/2
   133 | D:1      | Reached skill level 4 in Unarmed Combat
   133 | D:1      | Reached XP level 2. HP: 20/23 MP: 3/3
   413 | D:1      | Reached XP level 3. HP: 14/28 MP: 4/4
   502 | D:1      | Glimpsed the power of Zot.
   553 | D:1      | Glimpsed the power of Zot.
   794 | D:2      | Reached skill level 5 in Unarmed Combat
   794 | D:2      | Reached XP level 4. HP: 34/35 MP: 5/5
   820 | D:3      | Noticed Jessica
   829 | D:3      | Killed Jessica
   902 | D:3      | Found a runed translucent door.
   912 | D:3      | Noticed math4jedi's ghost (amateur MiFi)
   915 | D:3      | Reached XP level 5. HP: 37/40 MP: 6/6
   937 | D:3      | Killed math4jedi's ghost
   938 | D:3      | Reached skill level 6 in Unarmed Combat
   938 | D:3      | Reached skill level 5 in Shapeshifting
   938 | D:3      | Reached XP level 6. HP: 43/47 MP: 7/7
  1044 | D:3      | Found a faded altar of an unknown god.
  1057 | D:3      | Prayed at the altar of an unknown god.
  1057 | D:3      | Became a worshipper of Dithmenos the Shadowed
  1057 | D:3      | Reached * piety under Dithmenos
  1190 | D:4      | Noticed Grinder
  1227 | D:4      | Noticed Robin
  1247 | D:4      | Killed Robin
  1247 | D:4      | Reached ** piety under Dithmenos
  1248 | D:4      | Reached skill level 7 in Unarmed Combat
  1253 | D:4      | HP: 1/39 [hobgoblin[Robin] (4)]
  1257 | D:4      | Slain by a bullfrog

Illustrated notes

Levels and vault maps discovered:
D:1:      dpeg_arrival_simpleton_c, layout_loops_corners
D:2:      layout_basic, chequers_mini_garden, serial_bayou_pond_d,
          kennysheep_generic_room_3, uniq_terence
D:3:      layout_rooms, shapermc_ecumenical_altar_mp_urbaneastern,
          ebering_ghost_sewer_d, uniq_jessica
D:4:      layout_basic, minmay_misc_feat_five, uniq_grinder, uniq_robin

Skill      XL: |  1  2  3  4  5  6 |
---------------+-------------------+-----
Unarmed Combat | 4 5 6 7 |  7.0
Shapeshifting  | 4 5 |  5.3
Fighting       | |  1.1
Dodging        | |  2.1

Action                     |  1- 3 |  4- 6 || total
---------------------------+-------+-------++-------
  Melee: Unarmed           |    66 |    92 ||   158
         Punch             |     1 |     2 ||     3
    Use: Potion            |       |     2 ||     2
 Armour: Animal skin       |     2 |       ||     2
         Ring mail         |    35 |    58 ||    93
         Skin              |       |     9 ||     9
  Dodge: Dodged            |    38 |    46 ||    84
   Form: Flux              |       |     1 ||     1

Table legend: (Time is in decaauts)
 A = Elapsed time spent in this place.
 B = Non-inter-level travel time spent in this place.
 C = Inter-level travel time spent in this place.
 D = Time resting spent in this place.
 E = Time spent auto-exploring this place.
 F = Levels seen in this place.
 G = Mean time per level.
                   A        B        C        D        E       F      G
               +--------+--------+--------+--------+--------+-----+--------+
         Total |   1246 |   1217 |     29 |     32 |    665 |   4 |  311.5 |
       Dungeon |   1246 |   1217 |     29 |     32 |    665 |   4 |  311.5 |
               +--------+--------+--------+--------+--------+-----+--------+

Top non-repeatable levels by time:
     D:1: 557 daAuts
     D:3: 365 daAuts
     D:2: 257 daAuts
     D:4: 65 daAuts
